 Dungeon Crawl Stone Soup version 0.28-a0-258-g8de209e91f (webtiles) character file.

Game seed: 8607110430373761302

9002 voltaire321 the Nimble (level 11, -11/90 HPs)
             Began as a Merfolk Gladiator on Aug 26, 2021.
             Was a Follower of Wu Jian.
             Mangled by a cane toad (19 damage)
             ... on level 1 of the Lair of Beasts.
             The game lasted 00:34:50 (12482 turns).

voltaire321 the Nimble (Merfolk Gladiator)         Turns: 12482, Time: 00:34:51

Health: -11/90     AC:  9    Str: 15    XL:     11   Next: 39%
Magic:  11/11      EV: 20    Int:  7    God:    Wu Jian [*.....]
Gold:   614        SH:  5    Dex: 19    Spells: 10/10 levels left

rFire   . . .      SeeInvis +   H - +4 scimitar (flame)
rCold   . . .      Faith    .   (no shield)
rNeg    . . .      Spirit   .   y - +0 steam dragon scales
rPois   +          Reflect  +   j - +1 hat {SInv}
rElec   .          Harm     .   s - +1 cloak {rCorr}
rCorr   +          Rampage  .   (no gloves)
Will    .....                   (no boots)
Stlth   ++........              F - amulet of reflection
HPRegen 0.25/turn               p - ring of poison resistance
MPRegen 0.12/turn               c - +4 ring of slaying

@: lethally poisoned (-11 -> -39)
A: (nimble swimmer 2), mertail
a: Renounce Religion


You were on level 1 of the Lair of Beasts.
You worshipped Wu Jian.
Wu Jian was aware of your devotion.
You visited 3 branches of the dungeon, and saw 12 of its levels.
You also visited: Ossuary.

You collected 674 gold pieces.
You spent 60 gold pieces at shops.

Inventory:

Hand Weapons
 D - a +5 long sword
 H - a +4 scimitar of flaming (weapon)
Missiles
 d - 4 throwing nets
 f - 5 datura-tipped darts
 k - 5 atropa-tipped darts
 v - 43 poisoned darts (quivered)
 I - 4 boomerangs
Armour
 j - a +1 hat of see invisible (worn)
 s - a +1 cloak of preservation (worn)
 y - +0 steam dragon scales (worn)
Jewellery
 c - a +4 ring of slaying (right hand)
 p - a ring of poison resistance (left hand)
 F - an amulet of reflection (around neck)
 G - an amulet of the acrobat
 J - a ring of positive energy
Wands
 a - a wand of iceblast (8)
 l - a wand of polymorph (5)
 n - a wand of acid (14)
Scrolls
 e - 2 scrolls of magic mapping
 m - 2 scrolls of fog {unknown}
 q - 2 scrolls of teleportation
 u - 7 scrolls of identify
 w - 2 scrolls of enchant armour
 x - a scroll of enchant weapon
 E - a scroll of amnesia
 K - a scroll of brand weapon {unknown}
 N - a scroll of summoning {unknown}
Potions
 b - 3 potions of might
 g - 3 potions of attraction
 h - 2 potions of mutation
 i - 2 potions of ambrosia
 o - a potion of cancellation {unknown}
 r - a potion of resistance {unknown}
 t - 2 potions of degeneration {unknown}
 z - 2 potions of heal wounds
 A - a potion of brilliance {unknown}
 B - 2 potions of curing
 C - 2 potions of magic
 L - a potion of haste {unknown}
Miscellaneous
 M - a phantom mirror


   Skills:
 + Level 9.8 Fighting
 + Level 10.2 Long Blades
 - Level 6.0 Throwing
 - Level 5.0 Armour
 + Level 11.8 Dodging


You had 10 spell levels left.
You didn't know any spells.
Your spell library contained the following spells:

 Spells                   Type           Power      Damage    Failure   Level
 Magic Dart               Conj           0%         1d3       43%         1
 Summon Small Mammal      Summ           0%         N/A       43%         1
 Blink                    Tloc           N/A        N/A       56%         2
 Call Imp                 Summ           0%         N/A       56%         2
 Corpse Rot               Necr/Air       N/A        N/A       56%         2
 Poisonous Vapours        Pois/Air       0%         N/A       56%         2
 Call Canine Familiar     Summ           0%         N/A       80%         3
 Conjure Flame            Conj/Fire      0%         6-21      80%         3
 Ignite Poison            Fire/Tmut/Pois 0%         N/A       80%         3
 Mephitic Cloud           Conj/Pois/Air  0%         N/A       80%         3
 Summon Guardian Golem    Hex/Summ       0%         N/A       80%         3
 Fulminant Prism          Conj/Hex       0%         3d6       99%         4
 Iskenderun's Mystic Bla  Conj/Tloc      0%         2d3       99%         4
 Sticky Flame             Conj/Fire      0%         2d3       99%         4
 Freezing Cloud           Conj/Ice/Air   0%         6-21      100%        5
 Lee's Rapid Deconstruct  Erth           0%         3d5*      100%        5
 Manifold Assault         Tloc           0%         N/A       100%        5
 Storm Form               Tmut/Air       0%         N/A       100%        7


Dungeon Overview and Level Annotations

Branches:
Dungeon (10/15)            Temple (1/1) D:6            Lair (1/6) D:10
Ossuary (visited)
    Orc: D:9-12

Altars:
Ashenzari
Cheibriados
Dithmenos
Elyvilon
Fedhas
Gozag
Hepliaklqana
Kikubaaqudgha
Makhleb
Nemelex Xobeh
Okawaru
Qazlal
Ru
Sif Muna
Trog
Uskayaw
Vehumet
Wu Jian
Xom
Yredelemnul
Zin
The Shining One

Shops:
D:4 !   D:6 (

Portals:
Trove: D:10 (give 12 potions of heal wounds)


Innate Abilities, Weirdness & Mutations

((You are quick and stealthy near water. (Stealth+, EV+, Speed+++)))
Your lower body shifts to a powerful aquatic tail in water.


Message History

The yak is heavily wounded.
You spin and attack the yak.
You hit the yak. You burn the yak.
You kill the yak!
The Council accepts your kill.
You spin and attack the yak.
You hit the yak. You burn the yak.
The yak is severely wounded.
You feel very sick. The yak completely misses you. The cane toad misses you.
You riposte.
You slash the cane toad! You burn the cane toad.
The cane toad is almost dead.
The yak closely misses you. x2; The cane toad stings you!
You spin and attack the cane toad.
You hit the cane toad. You burn the cane toad.
The cane toad is lightly wounded.
You spin and attack the yak.
You barely miss the yak.
The yak is heavily wounded.
You feel sick. You block the yak's attack. You block the cane toad's attack.
You spin and attack the cane toad.
You hit the cane toad. You burn the cane toad.
The cane toad is moderately wounded.
You spin and attack the yak.
You slash the yak! You burn the yak.
You kill the yak!
The Council accepts your kill.
You feel sick.
You spin and attack the yak.
You slash the yak! You burn the yak.
The yak is moderately wounded.
You spin and attack the yak.
You barely miss the yak.
The yak is severely wounded.
You feel sick. You block the yak's attack. The yak misses you.
The cane toad closely misses you.
You spin and attack the cane toad.
You hit the cane toad. You burn the cane toad.
The cane toad is almost dead.
You spin and attack the yak.
You completely miss the yak.
The yak is severely wounded.
You feel sick. The yak gores you! The cane toad stings you!!
* * * LOW HITPOINT WARNING * * *
You are lethally poisoned!
The cane toad poisons you! The cane toad stings you!!
You die...

#..................
#..................
##..................
#######.....###...........
#.##.###)...# ##..........
............# #..........
............# #Y.........
............# #FYY.......
............P# #@FY.......
#.###.##....###...F..###..
### ####....# ##[...##
.....P# #....# #....##
#....# .....# ##....#
##....# .....# .....#


You could see 4 yaks and 3 cane toads.

Vanquished Creatures
  A hydra (Lair:1)
  Erica (D:8)
  A manticore (D:10)
  A black mamba (Lair:1)
  A gargoyle (D:7)
  A cane toad (shapeshifter) (D:10)
  A cane toad (Lair:1)
  A troll (D:10)
  A shadow (D:10)
  2 yaks (Lair:1)
  2 steam dragons (D:5)
  2 water moccasins (Lair:1)
  2 orc warriors
  3 sky beasts
  3 ogres
  3 necrophages
  3 wolves (Lair:1)
  4 centaurs
  3 elf zombies
  2 gnoll sergeants
  A scorpion (D:4)
  Blork the orc (D:4)
  4 elf skeletons (D:5)
  11 bullfrogs
  A wyvern skeleton (D:6)
  A water moccasin skeleton (D:5)
  5 wights (D:5)
  2 howler monkeys
  5 human zombies
  4 centaur zombies
  2 jellies (D:4)
  7 orc priests
  Crazy Yiuf (D:2)
  3 hounds
  A human skeleton (D:5)
  A bullfrog skeleton (D:4)
  A scorpion zombie (D:5)
  2 iguanas (D:6)
  7 orc wizards
  3 mummies (Ossuary)
  4 hound zombies (Ossuary)
  A hound skeleton (D:4)
  A howler monkey zombie (D:7)
  12 gnolls
  5 adders
  2 adder skeletons
  3 adder zombies (Ossuary)
  2 worms (D:3)
  A dart slug (D:2)
  33 orcs
  2 bats
  6 endoplasms
  5 giant cockroaches
  9 goblins
  8 hobgoblins
  4 jackals (D:4)
  4 kobolds
  4 quokkas
  5 ball pythons
  A frilled lizard (D:2)
  3 goblin zombies (Ossuary)
  4 hobgoblin zombies (Ossuary)
  3 jackal zombies (Ossuary)
  4 kobold zombies (Ossuary)
  2 orc skeletons (D:5)
  An orc zombie (D:5)
  6 quokka zombies (Ossuary)
  2 rats
  3 rat zombies (Ossuary)
241 creatures vanquished.

Vanquished Creatures (others)
  21 fungi
  3 plants
24 creatures vanquished.

Grand Total: 265 creatures vanquished

Notes
Turn   | Place    | Note
-------+----------+-------------------------------------------
     0 | D:1      | voltaire321 the Merfolk Gladiator began the quest for the
                  | Orb.
     0 | D:1      | Reached XP level 1. HP: 16/16 MP: 1/1
   134 | D:1      | Reached XP level 2. HP: 23/23 MP: 2/2
   443 | D:1      | Found a faded altar of an unknown god.
   847 | D:2      | Reached XP level 3. HP: 25/28 MP: 3/3
  1113 | D:2      | You fall into a shaft and drop 1 floor!
  1716 | D:2      | Reached XP level 4. HP: 34/34 MP: 4/4
  2145 | D:2      | Found a runed translucent door.
  2146 | D:2      | Noticed Crazy Yiuf
  2152 | D:2      | Killed Crazy Yiuf
  2153 | D:2      | Reached skill level 1 in Armour
  3106 | D:3      | Reached XP level 5. HP: 41/41 MP: 5/5
  3339 | D:4      | Found a broken altar of Ashenzari.
  3345 | D:4      | Found Huodghemn's Distillery.
  3354 | D:4      | Reached skill level 5 in Dodging
  3586 | D:4      | Noticed Blork the orc
  3593 | D:4      | Killed Blork the orc
  3594 | D:4      | Reached XP level 6. HP: 44/47 MP: 6/6
  4201 | D:4      | Reached XP level 7. HP: 53/54 MP: 7/7
  4318 | D:5      | Entered Level 5 of the Dungeon
  4336 | D:5      | Reached skill level 6 in Dodging
  4363 | D:5      | Reached skill level 5 in Long Blades
  4374 | D:5      | Found a sand-covered staircase.
  4379 | Ossuary  | Entered an ossuary
  4713 | Ossuary  | Reached XP level 8. HP: 48/61 MP: 8/8
  4997 | Ossuary  | Reached skill level 5 in Fighting
  5215 | D:5      | Reached skill level 7 in Dodging
  5389 | D:5      | Reached skill level 5 in Throwing
  5710 | D:5      | Reached XP level 9. HP: 36/69 MP: 9/9
  6252 | D:5      | Reached skill level 8 in Dodging
  7413 | D:6      | Found Ynkeasupp's Hydra Hut.
  7417 | D:6      | Noticed a six-headed hydra
  7542 | D:6      | Found a staircase to the Ecumenical Temple.
  7548 | Temple   | Entered the Ecumenical Temple
  7554 | Temple   | Became a worshipper of the Wu Jian Council
  8189 | D:7      | Reached skill level 9 in Dodging
  8238 | D:7      | Noticed a gargoyle
  8253 | D:7      | Killed a gargoyle
  8254 | D:7      | Reached XP level 10. HP: 49/79 MP: 10/10
  8491 | D:7      | Found a burning altar of Makhleb.
  8782 | D:8      | Noticed Erica
  8929 | D:8      | Killed Erica
  8930 | D:8      | Reached skill level 5 in Armour
  9600 | D:9      | Found a shimmering altar of Xom.
  9600 | D:9      | Found an ancient bone altar of Kikubaaqudgha.
  9602 | D:9      | Found a sacrificial altar of Ru.
  9654 | D:9      | Reached skill level 10 in Dodging
  9762 | D:9      | Reached * piety under Wu Jian
 10365 | D:9      | Found a basalt altar of Yredelemnul.
 10373 | D:9      | Identified the +2 robe of the Hanged Man {Int+4}
 10384 | D:9      | Found a white marble altar of Elyvilon.
 10460 | D:10     | Entered Level 10 of the Dungeon
 10480 | D:10     | Found a staircase to the Lair.
 10791 | D:10     | Noticed a cane toad
 10797 | D:10     | Killed a cane toad
 10844 | D:10     | Found a portal to a secret trove of treasure.
 11058 | D:4      | Bought a potion of heal wounds for 60 gold pieces
 11333 | D:10     | Noticed a manticore
 11343 | D:10     | Killed a manticore
 11344 | D:10     | Reached skill level 11 in Dodging
 11344 | D:10     | Reached XP level 11. HP: 12/89 MP: 11/11
 11862 | Lair:1   | Entered Level 1 of the Lair of Beasts
 12095 | Lair:1   | Noticed an eight-headed hydra
 12126 | Lair:1   | Killed a three-headed hydra
 12127 | Lair:1   | Reached skill level 10 in Long Blades
 12482 | Lair:1   | Mangled by a cane toad

Illustrated notes

Levels and vault maps discovered:
D:1:      saegor_arrival_miasma, layout_rooms,
          dreamdust_ecumenical_altar_angels_and_demons
D:2:      layout_basic, uniq_crazy_yiuf_cottage
D:3:      layout_loops_corners
D:4:      layout_basic, ashenzari_conservatory_becter, serial_shops, shop,
          uniq_blork_the_orc
D:5:      kennysheep_steamy, layout_loops_cross,
          nicolae_ossuary_entry_catacombs, minmay_door_square
D:6:      layout_basic, minmay_temple_entry_hall, doesnt_shop_hydraphobe
D:7:      layout_cave_pools, makhleb_blood_cavern_becter,
          minmay_tree_intersection
D:8:      layout_rooms, uniq_erica
D:9:      layout_loops_cross, minitemple, serial_bayou_pond_d,
          kennysheep_small_circle
D:10:     layout_roguey, lair_entry_dummy, enter_trove_2
Temple:   eino_wide_crystal_templ
Lair:1:   layout_long_grid, beast_lair_carwin_6

Skill      XL: |  1  2  3  4  5  6  7  8  9 10 11 |
---------------+----------------------------------+-----
Fighting       | 3 4 5 7 9 |  9.8
Long Blades    | 4 5 6 7 9 10 | 10.2
Armour         | 1 2 3 4 5 |  5.0
Dodging        | 5 6 7 9 11 | 11.8
Throwing       | 3 4 5 6 |  6.0

Action                   |  1- 3 |  4- 6 |  7- 9 | 10-12 || total
-------------------------+-------+-------+-------+-------++-------
Melee: Long sword        |    96 |   105 |   403 |    41 ||   645
       Scimitar          |       |       |       |   170 ||   170
Throw: Dart              |       |     1 |     5 |    16 ||    22
Invok: Lunge             |       |       |     3 |    18 ||    21
       Whirlwind         |       |       |       |    51 ||    51
  Use: Scroll            |       |     7 |     4 |     4 ||    15
       Potion            |       |     1 |       |       ||     1
 Stab: Invisible         |       |       |     1 |       ||     1
       Sleeping          |       |       |       |     2 ||     2
       Distracted        |       |       |       |     1 ||     1
Armor: Leather armour    |     2 |       |       |       ||     2
       Ring mail         |    32 |    51 |   112 |       ||   195
       Steam dragon scal |       |       |    35 |    57 ||    92
Dodge: Dodged            |    54 |    62 |   274 |   171 ||   561
Block: Other             |       |       |     4 |    57 ||    61
       Reflection        |       |       |     1 |       ||     1
       Rpst.: Long sword |    16 |    30 |    80 |     7 ||   133
       Scimitar          |       |       |       |    29 ||    29

Table legend: (Time is in decaauts)
 A = Elapsed time spent in this place.
 B = Non-inter-level travel time spent in this place.
 C = Inter-level travel time spent in this place.
 D = Time resting spent in this place.
 E = Time spent auto-exploring this place.
 F = Levels seen in this place.
 G = Mean time per level.
                   A        B        C        D        E       F      G
               +--------+--------+--------+--------+--------+-----+--------+
         Total |  12564 |  11864 |    700 |   3862 |   5133 |  13 |  966.5 |
       Dungeon |  11098 |  10398 |    700 |   3034 |   4971 |  10 | 1109.8 |
        Temple |     69 |     69 |      0 |      0 |     44 |   1 |   69.0 |
          Lair |    617 |    617 |      0 |    400 |     63 |   1 |  617.0 |
       Ossuary |    778 |    778 |      0 |    428 |     55 |   1 |  778.0 |
               +--------+--------+--------+--------+--------+-----+--------+

Top non-repeatable levels by time:
     D:5: 1875 daAuts
     D:3: 1306 daAuts
     D:6: 1260 daAuts
     D:2: 1192 daAuts
    D:10: 1137 daAuts
     D:4: 1051 daAuts
     D:9: 915 daAuts
     D:1: 817 daAuts
 Ossuary: 778 daAuts
     D:7: 776 daAuts
     D:8: 765 daAuts
  Lair:1: 617 daAuts
  Temple: 69 daAuts
